 Dungeon Crawl Stone Soup version 0.22.1-2-g9c5b331383 (webtiles) character file.

32 McIrco the Vexing (level 3, -1/24 HPs)
             Began as a Vampire Enchanter on Jan 5, 2019.
             Slain by an adder (2 damage)
             ... on level 2 of the Dungeon.
             The game lasted 00:03:22 (4431 turns).

McIrco the Vexing (Vampire Enchanter)               Turns: 4431, Time: 00:03:23

Health: -1/24      AC:  3    Str:  7    XL:     3   Next: 8%
Magic:  0/6        EV: 13    Int: 17    God:
Gold:   86         SH:  0    Dex: 15    Spells: 3/6 levels left

rFire    . . .     SeeInvis +   a - +1 dagger
rCold    + + .     Gourm    .   (no shield)
rNeg     + + +     Faith    .   b - +0 robe
rPois    ∞         Spirit   .   (no helmet)
rElec    .         Reflect  .   (no cloak)
rCorr    .         Harm     .   c - +0 pair of gloves
MR       .....                  (no boots)
Stlth    +++++.....             (no amulet)
HPRegen  0.00/turn              (no ring)
MPRegen  0.10/turn              (no ring)

@: very slightly contaminated, bloodless, non-regenerating
A: fangs 3, see invisible, unbreathing
a: Bat Form


You were on level 2 of the Dungeon.
You were bloodless.

You visited 1 branch of the dungeon, and saw 2 of its levels.

You collected 86 gold pieces.

Inventory:

Hand Weapons
 a - a +1 dagger (weapon)
Missiles
 d - 5 needles of sleeping
Armour
 b - a +0 robe (worn)
 c - a +0 pair of gloves (worn)
 g - a +0 pair of boots
Scrolls
 j - a scroll of noise {unknown}
Potions
 e - 7 potions of blood
 f - a potion of heal wounds {unknown}
 h - a potion of brilliance {unknown}
 i - 3 potions of curing {unknown}


   Skills:
 + Level 0.1 Fighting
 + Level 1.2 Short Blades
 + Level 2.3 Dodging
 + Level 5.0 Stealth
 + Level 2.3 Spellcasting
 + Level 5.2 Hexes


You had 3 spell levels left.
You knew the following spells:

 Your Spells              Type           Power        Failure   Level  Hunger
a - Corona                Hex            ###....      2%          1    #......
b - Ensorcelled Hibernat  Hex/Ice        ##....       10%         2    ###....

Your spell library contained the following spells:

 Spells                   Type           Power        Failure   Level  Hunger
 Confuse                  Hex            ###.....     6%          3    ###....
 Tukima's Dance           Hex            ###.....     6%          3    ###....
 Dazzling Spray           Conj/Hex       ##....       19%         3    ###....


Dungeon Overview and Level Annotations

Branches:
Dungeon (2/15)

Altars:


Innate Abilities, Weirdness & Mutations

You do not heal naturally.
You are immune to poison.
You have razor-sharp teeth.
You have supernaturally acute eyesight. (SInv)
You can survive without breathing.


Message History

You hit the adder but do no damage.
The adder is moderately wounded.
The adder bites you.
* * * LOW HITPOINT WARNING * * *
You completely miss the adder.
The adder is moderately wounded.
The adder barely misses you. The adder bites you.
* * * LOW HITPOINT WARNING * * *
You hit the adder but do no damage.
The adder is moderately wounded.
The adder stops glowing.
The adder closely misses you. The adder misses you.
Casting: Ensorcelled Hibernation (safe; 10% risk of failure)
Confirm with . or Enter, or press ? or * to list all spells.
Aiming: Ensorcelled Hibernation (safe; 10% risk of failure)
Press: ? - help, Shift-Dir - straight line, f/p - adder
Aim: an adder (moderately wounded, chance to defeat MR: 50%)
You miscast Ensorcelled Hibernation.
You feel uncomfortably cold. The adder bites you.
You die...

#.#.##.#
####### .#
#.#.##.# .#
#.#.##.# .#
#......#####
<#
###.......†#
.# ########.#
.# #.#
#####.#
#.#####.....#
#.....@S#####
#########


You could see an adder.

Vanquished Creatures
  A dart slug (D:1)
  A leopard gecko (D:2)
  2 giant cockroaches
  3 goblins (D:1)
  5 hobgoblins (D:1)
  7 kobolds
  4 bats
  A rat (D:1)
24 creatures vanquished.

Notes
Turn   | Place    | Note
-------+----------+-------------------------------------------
     0 | D:1      | McIrco the Vampire Enchanter began the quest for the Orb.
     0 | D:1      | Reached XP level 1. HP: 13/13 MP: 3/3
  2463 | D:1      | Reached XP level 2. HP: 19/19 MP: 5/5
  2467 | D:1      | Learned a level 2 spell: Ensorcelled Hibernation
  2605 | D:1      | Reached skill level 5 in Hexes
  3975 | D:2      | Reached XP level 3. HP: 4/24 MP: 3/6
  4403 | D:2      | Reached skill level 5 in Stealth
  4425 | D:2      | HP: 1/24 [adder (3)]
  4431 | D:2      | Slain by an adder

Skill      XL: |  1  2  3 |
---------------+----------+-----
Hexes          | 5 |  5.2
Stealth        | 5 |  5.0
Fighting       | |  0.1
Short Blades   | |  1.2
Dodging        | |  2.3
Spellcasting   | |  2.3

Action                   || total
-------------------------++-------
Melee: Dagger            ||    74
       Bite              ||     8
 Cast: Corona            ||    13
       Ensorcelled Hiber ||     1
  Use: Potion            ||     1
 Stab: Sleeping          ||     9
  Eat: Corpse            ||     1
Armor: Robe              ||    15
Dodge: Dodged            ||    52
